[Event "Titled Tuesday Blitz July 13 2021"]
[White "Weetik, Vjacheslav"]
[Black "Prraneeth Vuppala"]
[WhiteFideId "4153472"]
[BlackFideId "46622373"]
[WhiteElo "2469"]
[BlackElo "1759"]
[Result "0-1"]
[Round "07"]
[TimeControl "180+1"]
[Date "2021.07.13"]
[WhiteClock "0:00:08"]
[BlackClock "0:00:10"]

1. d4 Nf6 2. Bf4 d5 3. e3 e6 4. Nd2 Bd6 5. c3 Bxf4 6. exf4 c5 7. dxc5 Qc7 8. Qf3 Qxc5 9. Bd3 b6 10. Ne2 Ba6 11. Bxa6 Nxa6 12. O-O Qc7 13. f5 O-O 14. fxe6 fxe6 15. Qg3 e5 16. f4 e4 17. Nb3 Nc5 18. Nbd4 Rae8 19. Rad1 Nd3 20. Rd2 Nh5 21. Qg4 Nhxf4 22. Nxf4 Rxf4 23. Rxf4 Qxf4 24. Qxf4 Nxf4 25. g3 e3 26. Rd1 e2 27. Re1 Nd3 28. Rxe2 Rxe2 29. Nxe2 Nxb2 30. Kf2 Kf7 31. Ke3 Ke6 32. Kd4 Nc4 33. Nf4+ Kd6 34. Nxd5 Ne5 35. Ke4 Ng4 36. h4 Nf2+ 37. Kd4 Nh1 38. g4 h6 39. Ne3 Ng3 40. Nf5+ Nxf5+ 41. gxf5 h5 42. c4 a6 43. a4 a5 44. Ke4 Kc5 45. Ke5 Kxc4 46. Ke6 b5 47. Kf7 bxa4 48. Kxg7 a3 49. f6 a2 50. f7 a1=Q+ 51. Kg8 Qf1 52. f8=Q Qxf8+ 53. Kxf8 a4 54. Kg7 a3 55. Kh6 a2 56. Kxh5 a1=Q 0-1


[Site "https://www.chess.com"]

[Event "Titled Tuesday Blitz July 13 2021"]
[White "Weinstein, Norman"]
[Black "David, Alexandru-Vasile"]
[WhiteFideId "2000466"]
[BlackFideId "1223453"]
[WhiteElo "2527"]
[BlackElo "2393"]
[Result "0-1"]
[Round "07"]
[TimeControl "180+1"]
[Date "2021.07.13"]
[WhiteClock "0:00:12"]
[BlackClock "0:00:34"]

1. e4 c5 2. Nf3 e6 3. Nc3 Nc6 4. g3 Nf6 5. Bg2 d5 6. exd5 exd5 7. d4 Bg4 8. Be3 cxd4 9. Bxd4 Be7 10. O-O O-O 11. Bxf6 Bxf6 12. Nxd5 Ne5 13. h3 Nxf3+ 14. Bxf3 Bxh3 15. Re1 Be6 16. c3 Rb8 17. Kg2 b5 18. Nxf6+ Qxf6 19. Qe2 Rfc8 20. Qe5 Qxe5 21. Rxe5 b4 22. cxb4 Rxb4 23. b3 g6 24. Ra5 Rc7 25. Re1 h5 26. Re4 Rxe4 27. Bxe4 Kf8 28. Bd5 Bg4 29. Bc4 Ke7 30. Re5+ Kf6 31. Ra5 Ke7 32. f3 Bd7 33. Kf2 f6 34. f4 Bc6 35. Ke3 Ba8 36. Bd3 Kf7 37. Bc4+ Ke7 38. Ra6 Bc6 39. Kd4 g5 40. fxg5 fxg5 41. Ra5 Kf6 42. Be2 Be8 43. Kd5 Rd7+ 44. Kc5 h4 45. gxh4 gxh4 46. Bg4 Re7 47. Kb4 Re4+ 48. Ka3 Rxg4 49. Ra6+ Kg5 50. Rxa7 h3 51. Rg7+ Bg6 52. Rg8 h2 53. Rh8 Bh5 54. Rg8+ Kh4 0-1


[Site "https://www.chess.com"]

[Event "Titled Tuesday Blitz July 13 2021"]
[White "Willow, Jonah B"]
[Black "Ibrahimli, Murad"]
[WhiteFideId "438804"]
[BlackFideId "13410229"]
[WhiteElo "2261"]
[BlackElo "2109"]
[Result "1-0"]
[Round "07"]
[TimeControl "180+1"]
[Date "2021.07.13"]
[WhiteClock "0:00:03"]
[BlackClock "0:00:03"]

1. e4 c5 2. Nf3 d6 3. d4 cxd4 4. Qxd4 Nf6 5. Nc3 Bg4 6. Bb5+ Nbd7 7. e5 dxe5 8. Nxe5 Be6 9. Bg5 a6 10. Ba4 b5 11. Bb3 Nxe5 12. Qxe5 Nd7 13. Qe4 Bxb3 14. axb3 Rc8 15. Rxa6 h6 16. Be3 Nf6 17. Qb7 Qd7 18. Qxd7+ Kxd7 19. Ra7+ Ke8 20. Rb7 b4 21. Rxb4 e6 22. Rb7 Bd6 23. O-O Be5 24. f4 Bxc3 25. bxc3 Nd5 26. Bd4 Rg8 27. c4 Ne7 28. Ra1 Nf5 29. Be5 g5 30. Raa7 gxf4 31. Rxf7 Ne3 32. Rfe7+ Kd8 33. Rad7# 1-0


[Site "https://www.chess.com"]

[Event "Titled Tuesday Blitz July 13 2021"]
[White "Wong, Yinn Long"]
[Black "Flores Quillas, Diego Saul Rodri"]
[WhiteFideId "5707684"]
[BlackFideId "3822508"]
[WhiteElo "2016"]
[BlackElo "2071"]
[Result "1-0"]
[Round "07"]
[TimeControl "180+1"]
[Date "2021.07.13"]
[WhiteClock "0:01:31"]
[BlackClock "0:01:53"]

1. e4 c5 2. Nf3 e6 3. g3 Nc6 4. Bg2 d5 5. exd5 exd5 6. d4 cxd4 7. O-O Bc5 8. Nbd2 Nge7 9. Nb3 Bb6 10. Nfxd4 O-O 11. c3 Nxd4 12. Nxd4 Nc6 13. Be3 Be6 14. Re1 Qd7 15. Nxe6 fxe6 16. Bxb6 axb6 17. Rxe6 Qxe6 18. Bxd5 Rae8 19. Bxe6+ Rxe6 20. Qd5 Re8 21. Re1 Kf7 22. Qf5+ Rf6 23. Qd7+ Re7 24. Rxe7+ Nxe7 25. Qxb7 Re6 26. a4 h5 27. h4 Kg6 28. b4 Nf5 29. a5 bxa5 30. bxa5 Re1+ 31. Kg2 Re2 32. Qa6+ 1-0


[Site "https://www.chess.com"]

[Event "Titled Tuesday Blitz July 13 2021"]
[White "Woodward, Andy"]
[Black "Shevchenko, Kirill"]
[WhiteFideId "30953499"]
[BlackFideId "14129574"]
[WhiteElo "2137"]
[BlackElo "2569"]
[Result "1/2-1/2"]
[Round "07"]
[TimeControl "180+1"]
[Date "2021.07.13"]
[WhiteClock "0:00:07"]
[BlackClock "0:00:11"]

1. d4 Nf6 2. c4 d6 3. Nf3 g6 4. Nc3 Bf5 5. g3 Bg7 6. Bg2 Ne4 7. Qb3 Nxc3 8. Qxb7 Be4 9. Qb3 Nxe2 10. Kxe2 Nc6 11. Be3 Rb8 12. Qc3 e5 13. d5 Bxf3+ 14. Bxf3 Nd4+ 15. Bxd4 exd4 16. Qd3 Rxb2+ 17. Kf1 O-O 18. Kg2 Re8 19. Rhe1 h5 20. Qa3 Rd2 21. Qb4 Bh6 22. Qa4 Re3 23. Rad1 Qf6 24. Rxe3 dxe3 25. Rxd2 exd2 26. Qc2 h4 27. Be2 h3+ 28. Kg1 Qa1+ 29. Qd1 Qd4 30. Bf1 a5 31. a4 Qc3 32. Bxh3 Qxc4 33. Bg2 Kg7 34. Bf3 Qc1 35. Kg2 Qc3 36. Be2 Bg5 37. f4 Bf6 38. Bf3 Qe3 39. Qe2 Qc3 40. h4 Bd4 41. h5 gxh5 42. Bxh5 Kf8 43. Qg4 Qc2 44. Qc8+ Ke7 45. Kh3 Bb6 46. Qg4 Qc1 47. Qg5+ Kd7 48. Bg4+ Ke8 49. Qg8+ Ke7 50. Qg5+ Ke8 51. Qg8+ Ke7 52. Qg5+ Kf8 53. Qd8+ Kg7 54. Qg5+ Kh8 55. Qh6+ Kg8 56. Qg5+ Kf8 57. Qd8+ Kg7 58. Qg5+ Kh8 59. Qh6+ Kg8 60. Qg5+ Kf8 1/2-1/2


[Site "https://www.chess.com"]

[Event "Titled Tuesday Blitz July 13 2021"]
[White "Yeletsky, Ivan"]
[Black "Starozhilov, Leonid"]
[WhiteFideId "24180327"]
[BlackFideId "14106752"]
[WhiteElo "2344"]
[BlackElo "2414"]
[Result "1/2-1/2"]
[Round "07"]
[TimeControl "180+1"]
[Date "2021.07.13"]
[WhiteClock "0:00:04"]
[BlackClock "0:00:04"]

1. Nf3 Nf6 2. g3 g6 3. Bg2 Bg7 4. O-O O-O 5. d4 d6 6. c4 c6 7. Nc3 Bf5 8. Ng5 h6 9. e4 Bg4 10. f3 hxg5 11. fxg4 Nh7 12. Ne2 Nd7 13. h3 c5 14. e5 dxe5 15. dxc5 Nxc5 16. Be3 Qc7 17. Nc3 Ne6 18. Nd5 Qd7 19. Be4 Nd4 20. Qd3 e6 21. Nc3 Rfd8 22. Rad1 Nf8 23. Kg2 Nh7 24. Nb5 a6 25. Nxd4 exd4 26. Bd2 Rac8 27. b4 Qa4 28. Qb3 Qd7 29. Qd3 f5 30. Bf3 Kh8 31. c5 e5 32. gxf5 gxf5 33. Bh5 e4 34. Qc4 Qd5 35. Qxd5 Rxd5 36. Bg6 Rf8 37. Bxh7 Kxh7 38. Bxg5 Kg6 39. h4 d3 40. a3 Re8 41. Rfe1 Bc3 42. Re3 Bf6 43. Bf4 Kf7 44. h5 Bd4 45. Ree1 Be5 46. Bxe5 Rdxe5 47. Re3 Kf6 48. a4 Kg5 49. b5 axb5 50. axb5 Rxc5 51. Rdxd3 exd3 52. Rxe8 Rd5 53. Re1 d2 54. Rd1 Kxh5 55. Kf3 Kg5 56. Ke3 Rxb5 57. Rxd2 Rb3+ 58. Kf2 Rb4 59. Rd7 Kf6 60. Kf3 Ke6 61. Rh7 Ke5 62. Re7+ Kf6 63. Rh7 Rb3+ 64. Kf4 Rb4+ 65. Kf3 Rb5 66. Rc7 Kg5 67. Rg7+ Kf6 68. Rc7 b6 69. Rb7 Rb3+ 70. Kf4 Rb4+ 71. Kf3 Ke5 72. Rb8 Kd6 73. Rf8 Ke6 74. Re8+ Kf7 75. Rb8 b5 76. Rb6 Kg7 77. Rc6 Kf7 78. Rb6 Kg7 79. Rc6 Kf7 80. Rb6 1/2-1/2


[Site "https://www.chess.com"]

[Event "Titled Tuesday Blitz July 13 2021"]
[White "Zong, Davis"]
[Black "Dobrowolski, Piotr"]
[WhiteFideId "30903955"]
[BlackFideId "1106236"]
[WhiteElo "2406"]
[BlackElo "2304"]
[Result "0-1"]
[Round "07"]
[TimeControl "180+1"]
[Date "2021.07.13"]
[WhiteClock "0:00:02"]
[BlackClock "0:00:56"]

1. d4 e6 2. c4 c5 3. d5 exd5 4. cxd5 d6 5. Nc3 g6 6. e4 Bg7 7. Nf3 a6 8. a4 Bg4 9. h3 Bxf3 10. Qxf3 Nd7 11. Bf4 Ne5 12. Qg3 Nf6 13. Bxe5 Nh5 14. Bxg7 Nxg3 15. fxg3 Rg8 16. Bh6 Qb6 17. Rb1 g5 18. h4 f6 19. Bd3 c4 20. Bxc4 Rc8 21. b3 Qe3+ 22. Ne2 Qxe4 23. Rd1 Qxg2 24. Kd2 Qe4 25. Rde1 Kd8 26. Nc3 Qd4+ 27. Kc2 b5 28. axb5 axb5 29. Nxb5 Qf2+ 30. Kb1 gxh4 31. Nxd6 Ra8 32. Re2 Qd4 33. Nf7+ Kc8 34. Nd6+ Kb8 35. Rb2 hxg3 0-1


[Site "https://www.chess.com"]

[Event "Titled Tuesday Blitz July 13 2021"]
[White "Zubritskiy, Artyom"]
[Black "Pastar, Slaven"]
[WhiteFideId "4181247"]
[BlackFideId "14402718"]
[WhiteElo "2559"]
[BlackElo "2150"]
[Result "1-0"]
[Round "07"]
[TimeControl "180+1"]
[Date "2021.07.13"]
[WhiteClock "0:00:35"]
[BlackClock "0:00:47"]

1. c4 b6 2. Nc3 Bb7 3. e4 g6 4. Nge2 Bg7 5. g3 f5 6. d3 fxe4 7. dxe4 Nf6 8. Bg2 O-O 9. O-O e5 10. h3 d6 11. Be3 a6 12. b4 c5 13. Rb1 Qc7 14. b5 a5 15. Qd3 Bc8 16. f4 Be6 17. f5 Bf7 18. g4 a4 19. g5 Nh5 20. f6 Bh8 21. Nd5 Bxd5 22. Qxd5+ Qf7 23. Qxa8 1-0


[Site "https://www.chess.com"]

[Event "Titled Tuesday Blitz July 13 2021"]
[White "deribas12345"]
[Black "Tronenkovs, Valdis"]
[BlackFideId "11601558"]
[WhiteElo "2510"]
[BlackElo "2232"]
[Result "1-0"]
[Round "07"]
[TimeControl "180+1"]
[Date "2021.07.13"]
[WhiteClock "0:00:33"]
[BlackClock "0:00:01"]

1. d4 Nf6 2. c4 e6 3. Nc3 d5 4. cxd5 exd5 5. Bg5 Be7 6. e3 h6 7. Bh4 O-O 8. Bd3 c6 9. Qc2 Re8 10. Nge2 Nbd7 11. O-O Ne4 12. Bxe7 Qxe7 13. Rae1 Ndf6 14. f3 Nxc3 15. Nxc3 Be6 16. e4 dxe4 17. fxe4 Rad8 18. e5 Nd5 19. Ne4 Nb4 20. Qd2 Nxd3 21. Qxd3 Qb4 22. Nd6 Re7 23. b3 Bd5 24. Nf5 Re6 25. Re3 c5 26. Rg3 cxd4 27. Rxg7+ Kf8 28. Rh7 Ke8 29. Ng7+ Kd7 30. Rxf7+ Kc6 31. Nxe6 Bxe6 32. Rc7+ Kb6 33. Rxb7+ 1-0


[Site "https://www.chess.com"]

[Event "Titled Tuesday Blitz July 13 2021"]
[White "harlem4brew"]
[Black "Maly, Alexey"]
[BlackFideId "14103184"]
[WhiteElo "2425"]
[BlackElo "2285"]
[Result "0-1"]
[Round "07"]
[TimeControl "180+1"]
[Date "2021.07.13"]
[WhiteClock "0:00:14"]
[BlackClock "0:00:09"]

1. e4 c6 2. d4 d5 3. exd5 cxd5 4. c4 Nf6 5. Nc3 e6 6. Nf3 Be7 7. Bg5 O-O 8. Bd3 dxc4 9. Bxc4 a6 10. O-O b5 11. Bd3 Bb7 12. Qc2 Nbd7 13. Ne5 h6 14. Nxd7 Qxd7 15. Be3 Rac8 16. Qd2 b4 17. Ne2 Ne4 18. Bxe4 Bxe4 19. Rac1 a5 20. b3 Ba8 21. Nf4 Rxc1 22. Rxc1 Rc8 23. Rxc8+ Qxc8 24. d5 exd5 25. Nxd5 Bd8 26. f3 Kh8 27. Qd4 Qf5 28. Bxh6 Qg6 29. Nf4 Qb1+ 30. Kf2 Qxa2+ 31. Kg3 Bf6 32. Bxg7+ Bxg7 33. Qd8+ Kh7 34. Qxa8 Qxb3 35. Qxa5 Qc4 36. Qf5+ Kg8 37. Qd3 Qc7 38. Kg4 Qc8+ 39. Qf5 Qc4 40. Qe4 Qc5 41. Nd3 Qc8+ 42. Qf5 Qc3 43. Nxb4 Qxb4+ 44. Qe4 Qd2 45. f4 Bf6 46. g3 Qxh2 47. Qe8+ Kg7 48. Qe4 Kh6 49. Kf3 Qh1+ 50. Ke3 Qxe4+ 51. Kxe4 Kh5 52. Kf5 Be7 53. g4+ Kh4 54. g5 Kh5 55. Ke4 Kg4 56. Ke3 Bd8 57. Ke4 Bc7 58. f5 Kxg5 59. f6 Kxf6 60. Kf3 Kf5 61. Ke3 Bd8 62. Kf3 f6 63. Ke3 Ke5 64. Kf3 f5 65. Kg3 Ke4 66. Kf2 f4 67. Ke2 f3+ 68. Kf1 Kf4 69. Ke1 Kg3 70. Kf1 f2 71. Ke2 Kg2 72. Ke3 f1=Q 73. Ke4 Qf6 74. Kd5 Kf3 75. Kc4 Qd6 76. Kb5 Ke4 77. Ka4 Qb6 78. Ka3 Kd3 79. Ka2 Kc3 80. Ka3 Qa5# 0-1


[Site "https://www.chess.com"]

[Event "Titled Tuesday Blitz July 13 2021"]
[White "shnitez"]
[Black "Sellitti, Federico"]
[BlackFideId "821829"]
[WhiteElo "2459"]
[BlackElo "2596"]
[Result "0-1"]
[Round "07"]
[TimeControl "180+1"]
[Date "2021.07.13"]
[WhiteClock "0:00:01"]
[BlackClock "0:00:05"]

1. c4 c5 2. Nc3 Nc6 3. Nf3 Nf6 4. d4 cxd4 5. Nxd4 g6 6. e4 Bg7 7. Be3 d6 8. Be2 O-O 9. O-O a5 10. Ndb5 Bd7 11. Rc1 Rc8 12. b3 h5 13. h3 Nh7 14. Nd5 f5 15. exf5 Bxf5 16. Qd2 Qe8 17. Bd3 Qf7 18. Bxf5 gxf5 19. f4 Nf6 20. Nxf6+ Bxf6 21. Rfe1 Kh8 22. Nd4 Nxd4 23. Bxd4 Rg8 24. Bxf6+ Qxf6 25. Re2 Rg3 26. Rce1 Rcg8 27. Rd1 Qh4 28. Kh2 Rxh3+ 29. gxh3 Qg3+ 30. Kh1 Qxh3+ 31. Rh2 Qf3+ 32. Rg2 h4 33. Kh2 Rxg2+ 34. Qxg2 Qxd1 35. Qg5 Qg4 36. Qxe7 Qg3+ 37. Kh1 h3 38. Qf8+ Kh7 39. Qxf5+ Kh6 40. Qf6+ Kh5 41. Qh8+ Kg4 42. Qg7+ Kxf4 43. Qf6+ Ke3 44. Qe6+ Kf2 45. Qf5+ Qf3+ 46. Qxf3+ Kxf3 47. b4 axb4 0-1


[Site "https://www.chess.com"]

[Event "Titled Tuesday Blitz July 13 2021"]
[White "Abdusattorov, Nodirbek"]
[Black "Bernadskiy, Vitaliy"]
[WhiteFideId "14204118"]
[BlackFideId "14100371"]
[WhiteElo "2662"]
[BlackElo "2510"]
[Result "1-0"]
[Round "08"]
[TimeControl "180+1"]
[Date "2021.07.13"]
[WhiteClock "0:00:10"]
[BlackClock "0:00:01"]

1. d4 g6 2. c4 Bg7 3. Nf3 d6 4. g3 Nf6 5. Bg2 O-O 6. Nc3 Nc6 7. O-O a6 8. b3 Rb8 9. d5 Na5 10. Bd2 c5 11. Qe1 b5 12. Rc1 bxc4 13. Nd1 Nxb3 14. axb3 cxb3 15. Nh4 Qd7 16. Bc3 Qb5 17. Nb2 Bg4 18. f3 Bd7 19. Qd2 a5 20. Ra1 Ra8 21. Ra4 Qb7 22. Rxa5 Rxa5 23. Bxa5 Nxd5 24. f4 Bc6 25. Nf3 Ra8 26. Ra1 Qb5 27. e4 Ne3 28. Qxe3 Bxb2 29. Rb1 Qxa5 30. Qxb3 Bc3 31. Ng5 Bd4+ 32. Kh1 e6 33. f5 gxf5 34. Rf1 Qd2 35. Nxe6 fxe6 36. Qxe6+ Kh8 37. Qxd6 Re8 38. Qxc6 Rf8 39. exf5 c4 40. Qxc4 Qe3 41. Qd5 Re8 42. f6 Rf8 43. f7 Kg7 44. Be4 h6 45. Qf5 Bf6 1-0


[Site "https://www.chess.com"]

[Event "Titled Tuesday Blitz July 13 2021"]
[White "Aldokhin, Ivan"]
[Black "Rodriguez Hernandez, Luis Daniel"]
[WhiteFideId "24115720"]
[BlackFideId "3506770"]
[WhiteElo "2306"]
[BlackElo "2133"]
[Result "0-1"]
[Round "08"]
[TimeControl "180+1"]
[Date "2021.07.13"]
[WhiteClock "0:00:38"]
[BlackClock "0:01:22"]

1. e4 e5 2. Nf3 Nc6 3. Bb5 a6 4. Ba4 Nf6 5. O-O b5 6. Bb3 Bb7 7. Re1 Bc5 8. Nxe5 Bxf2+ 9. Kxf2 Nxe5 10. d4 Nfg4+ 11. Kg1 Qh4 12. dxe5 Qxh2+ 13. Kf1 Qh1+ 14. Ke2 Qxg2+ 15. Kd3 Nf2+ 16. Kc3 Nxd1+ 17. Rxd1 c5 18. a3 Qxe4 0-1


[Site "https://www.chess.com"]

[Event "Titled Tuesday Blitz July 13 2021"]
[White "AleksanderHnydiuk"]
[Black "Kotepalli, Sai Nirupama"]
[BlackFideId "5039444"]
[WhiteElo "2597"]
[BlackElo "2455"]
[Result "1-0"]
[Round "08"]
[TimeControl "180+1"]
[Date "2021.07.13"]
[WhiteClock "0:00:07"]
[BlackClock "0:01:15"]

1. Nf3 Nc6 2. d4 e6 3. g3 g6 4. Bg2 Bg7 5. O-O Nge7 6. c4 d5 7. Nc3 O-O 8. Bf4 dxc4 9. Qa4 Nd5 10. Bg5 f6 11. Bc1 Nb6 12. Qd1 e5 13. d5 Ne7 14. e4 f5 15. Ng5 fxe4 16. Bxe4 h6 17. Ne6 Bxe6 18. dxe6 Qxd1 19. Rxd1 c6 20. Be3 Rad8 21. Bc5 Bf6 22. a4 Kg7 23. a5 Nbd5 24. Bxd5 cxd5 25. Bxe7 Bxe7 26. Rxd5 Rxd5 27. Nxd5 Bc5 28. Rf1 Re8 29. Rc1 Rxe6 30. Rxc4 Rc6 31. Kg2 Bd4 32. Rxc6 bxc6 33. Nb4 c5 34. Nc6 c4 35. Nxd4 exd4 36. Kf3 d3 37. Ke3 Kf6 38. b3 cxb3 39. Kxd3 Ke5 40. Kc3 Ke4 41. f4 Kf3 42. Kxb3 Kg2 43. g4 Kf3 44. f5 1-0


[Site "https://www.chess.com"]

[Event "Titled Tuesday Blitz July 13 2021"]
[White "Allahverdiyeva, Ayan"]
[Black "Shuvalov, Evgenij"]
[WhiteFideId "13412590"]
[BlackFideId "4187237"]
[WhiteElo "1910"]
[BlackElo "2163"]
[Result "0-1"]
[Round "08"]
[TimeControl "180+1"]
[Date "2021.07.13"]
[WhiteClock "0:00:01"]
[BlackClock "0:00:18"]

1. e4 e6 2. d4 d5 3. Nc3 Bb4 4. exd5 exd5 5. Bd3 Nc6 6. Ne2 Nge7 7. O-O Bf5 8. Bg5 f6 9. Bf4 O-O 10. a3 Bd6 11. Nb5 Bxf4 12. Nxf4 Re8 13. Re1 a6 14. Bxf5 Nxf5 15. Rxe8+ Qxe8 16. Nxc7 Qe4 17. Nxa8 Qxf4 18. Qe2 h6 19. c3 Na5 20. Qe6+ Kh7 21. Nb6 Nb3 22. Nxd5 Qg5 23. Re1 Nh4 24. Qh3 Nd2 25. Kh1 Nc4 26. Ne3 Nxb2 27. Qg4 Nd3 28. Rf1 Nxf2+ 29. Rxf2 Qxe3 30. Rf1 g5 31. d5 f5 32. Qd4 Qe2 33. Qf2 Qe4 34. d6 Qd5 35. Qg3 f4 36. Qf2 Qxd6 37. Qd4 Qc6 38. Rf2 Kg6 39. Rd2 Kh5 40. Qd3 f3 41. g3 f2+ 0-1


[Site "https://www.chess.com"]

[Event "Titled Tuesday Blitz July 13 2021"]
[White "Amburgy, Ryan"]
[Black "Ashwin, Jayaram"]
[WhiteFideId "30924820"]
[BlackFideId "5018137"]
[WhiteElo "2066"]
[BlackElo "2461"]
[Result "0-1"]
[Round "08"]
[TimeControl "180+1"]
[Date "2021.07.13"]
[WhiteClock "0:00:32"]
[BlackClock "0:00:23"]

1. d4 d5 2. Nc3 Nf6 3. Bf4 a6 4. e3 c5 5. dxc5 e6 6. Na4 Bxc5 7. Nxc5 Qa5+ 8. c3 Qxc5 9. Nf3 O-O 10. Bd3 Nc6 11. O-O Qe7 12. Ne5 Nxe5 13. Bxe5 b5 14. h3 Bb7 15. Re1 Nd7 16. Bg3 e5 17. Bc2 f5 18. Bb3 Nb6 19. Qd2 Rad8 20. Rad1 Kh8 21. f3 Nc4 22. Qf2 g5 23. f4 gxf4 24. Bh4 Qg7 25. exf4 Rde8 26. fxe5 Rxe5 27. Bg3 f4 28. Bxf4 Ref5 29. Rd4 Nd6 30. Re5 Ne4 31. Rxf5 Nxf2 32. Be5 Rxf5 33. Bxg7+ Kxg7 34. Bc2 Ne4 35. a4 Kf6 36. axb5 axb5 37. Bd3 Bc6 38. Be2 Ke5 39. Bf3 Ng5 40. Bg4 Rf4 41. Rd2 Ne4 42. Re2 Kd6 43. Bf3 Kc5 44. b4+ Kc4 45. Re3 Nxc3 46. Bh5 d4 47. Re7 Kxb4 48. Rxh7 d3 49. Rc7 Bd5 50. g3 Rd4 51. h4 d2 52. Re7 d1=Q+ 53. Bxd1 Nxd1 54. h5 Nc3 55. h6 Be4 56. h7 Bxh7 57. Rxh7 Kc4 58. Kg2 b4 59. Rc7+ Kd3 60. Rb7 Kc2 61. Kf3 b3 62. Ke3 Rg4 63. Kf3 Rc4 64. g4 b2 65. g5 b1=Q 66. Rxb1 Kxb1 67. g6 Nd5 68. g7 Nf6 69. Ke3 Ng8 70. Kf3 Rc7 71. Kf4 Rxg7 72. Kf5 Ra7 73. Kg6 Ra6+ 74. Kf5 Ra5+ 75. Ke4 Ra4+ 76. Kd5 Kb2 77. Ke5 Kc3 78. Kd5 Rd4+ 79. Ke5 Ne7 80. Ke6 Nc6 81. Kf5 Na5 82. Ke6 Nb3 83. Ke5 Na1 84. Kf5 Kd3 85. Ke5 Ke3 86. Ke6 Ke4 87. Kf6 Rd5 88. Ke6 Kd4 89. Kf6 Re5 90. Kf7 Kd5 91. Kf6 Kd6 92. Kg6 Ke6 93. Kg7 Rf5 94. Kg6 Ke5 95. Kg7 Rf6 96. Kg8 Ke6 97. Kg7 Ke7 98. Kg8 Rf7 99. Kh8 Kf6 100. Kg8 Kg6 101. Kh8 Rf6 102. Kg8 Rf5 103. Kh8 Rf4 104. Kg8 Rf3 105. Kh8 Rf8# 0-1


[Site "https://www.chess.com"]

[Event "Titled Tuesday Blitz July 13 2021"]
[White "Arabidze, Meri"]
[Black "Prraneeth Vuppala"]
[WhiteFideId "13604040"]
[BlackFideId "46622373"]
[WhiteElo "2432"]
[BlackElo "1759"]
[Result "1-0"]
[Round "08"]
[TimeControl "180+1"]
[Date "2021.07.13"]
[WhiteClock "0:00:12"]
[BlackClock "0:00:02"]

1. Nf3 d5 2. g3 Nd7 3. Bg2 e5 4. d3 Ngf6 5. O-O Bc5 6. c4 dxc4 7. dxc4 O-O 8. Nc3 c6 9. a3 a5 10. Nd2 Qc7 11. Nde4 Nxe4 12. Nxe4 Be7 13. b3 f5 14. Bg5 Bxg5 15. Nxg5 Nf6 16. c5 h6 17. Nf3 Be6 18. Qd6 Qxd6 19. cxd6 e4 20. Nd4 Bd7 21. f3 exf3 22. exf3 Ne8 23. Rad1 Rf6 24. Rfe1 Rxd6 25. Bf1 Nc7 26. Bc4+ Kf8 27. f4 b5 28. Bf1 Re8 29. Nf3 Rxd1 30. Rxd1 Be6 31. Ne5 Bd5 32. Bg2 Bxb3 33. Rd7 Nd5 34. Nxc6 Ne3 35. Bh3 Bd5 36. Ne5 Be6 37. Rb7 b4 38. axb4 axb4 39. Rxb4 Rd8 40. Kf2 Nd1+ 41. Ke1 Nc3 42. Rb6 Ke7 43. Ng6+ Kf6 44. Ne5 h5 45. Rc6 Ne4 46. Bg2 g5 47. Bxe4 fxe4 48. Ke2 gxf4 49. gxf4 Kf5 50. Ke3 Ra8 51. Rc3 Ra2 52. Nc6 Rxh2 53. Nd4+ Kf6 54. Rc6 Rh3+ 55. Kf2 e3+ 56. Ke2 Kf7 57. Rxe6 h4 58. Rh6 Rh2+ 59. Kxe3 h3 60. Kf3 Rd2 61. Nf5 h2 62. Ng3 Rd3+ 63. Kg4 Rd2 64. f5 Rd4+ 65. Kg5 Rd3 66. Kf4 Rd4+ 67. Ne4 Rd3 68. Rxh2 Rd1 69. Rh7+ Kg8 70. Ra7 Rf1+ 71. Ke5 Kf8 72. Kf6 1-0


[Site "https://www.chess.com"]

[Event "Titled Tuesday Blitz July 13 2021"]
[White "Barp, Alberto"]
[Black "Suvorov, Luca"]
[WhiteFideId "872555"]
[BlackFideId "12977071"]
[WhiteElo "2229"]
[BlackElo "2127"]
[Result "1-0"]
[Round "08"]
[TimeControl "180+1"]
[Date "2021.07.13"]
[WhiteClock "0:00:37"]
[BlackClock "0:00:11"]

1. Nf3 Nf6 2. c4 e6 3. Nc3 d5 4. d4 a6 5. cxd5 exd5 6. Bg5 Be6 7. Qb3 b5 8. e3 Nbd7 9. Be2 Bd6 10. O-O O-O 11. Rac1 h6 12. Bh4 Rc8 13. a4 b4 14. Nb1 a5 15. Rc6 Nb6 16. Ne5 g5 17. Bg3 Ne4 18. Bb5 Nxg3 19. hxg3 Bxe5 20. dxe5 Kg7 21. Nd2 Bd7 22. Rf6 Bxb5 23. axb5 Qe7 24. f4 Nd7 25. Rf5 Nc5 26. Qd1 f6 27. Qg4 Rce8 28. Nf3 Ne4 29. fxg5 fxg5 30. Nd4 Kh7 31. e6 Qd6 32. Rf7+ Kg8 33. Qf5 1-0


[Site "https://www.chess.com"]

[Event "Titled Tuesday Blitz July 13 2021"]
[White "Belyakov, Bogdan"]
[Black "Isajevsky, Anton"]
[WhiteFideId "24104795"]
[BlackFideId "4142500"]
[WhiteElo "2407"]
[BlackElo "2510"]
[Result "1-0"]
[Round "08"]
[TimeControl "180+1"]
[Date "2021.07.13"]
[WhiteClock "0:01:15"]
[BlackClock "0:00:27"]

1. e4 c5 2. c3 Nf6 3. e5 Nd5 4. d4 cxd4 5. cxd4 e6 6. Nf3 d6 7. Bc4 Nb6 8. Bd3 dxe5 9. dxe5 N8d7 10. O-O Nc5 11. Bc2 Qxd1 12. Rxd1 Bd7 13. Nc3 Rc8 14. Nd4 a6 15. a4 Be7 16. a5 Nc4 17. f4 b6 18. axb6 Nxb6 19. Nb3 O-O 20. Be3 Bb5 21. Nxc5 Bxc5 22. Bxc5 Rxc5 23. Bd3 Nd5 24. Nxd5 Rxd5 25. Be4 Rxd1+ 26. Rxd1 g6 27. Kf2 Rb8 28. b4 Bc4 29. Rb1 a5 30. bxa5 1-0


[Site "https://www.chess.com"]

[Event "Titled Tuesday Blitz July 13 2021"]
[White "Bilych, Olexiy"]
[Black "Hebden, Mark L"]
[WhiteFideId "14156504"]
[BlackFideId "400084"]
[WhiteElo "2246"]
[BlackElo "2457"]
[Result "1-0"]
[Round "08"]
[TimeControl "180+1"]
[Date "2021.07.13"]
[WhiteClock "0:00:50"]
[BlackClock "0:00:02"]

1. e4 e5 2. Nf3 Nc6 3. Bc4 Nf6 4. d3 Be7 5. O-O O-O 6. a4 d6 7. a5 Be6 8. a6 b6 9. Bb5 Nb8 10. c4 c6 11. Ba4 Qc8 12. Nc3 Nxa6 13. Bxc6 Qxc6 14. Rxa6 Bc8 15. Ra1 h6 16. Be3 Bb7 17. b4 Qd7 18. b5 Rfc8 19. Ra2 Qc7 20. Qb3 Nd7 21. Rfa1 Qb8 22. Ne1 Nc5 23. Bxc5 dxc5 24. Nc2 Bd6 25. Ne3 Re8 26. Ncd5 Be7 27. Nc3 Bd6 28. Ra4 Re7 29. Qa2 Bc8 30. Ned5 Rb7 31. Ra6 Be6 32. Qe2 Kf8 33. Qh5 Bc7 34. Ne3 Bd8 35. h4 Qc8 36. Ncd5 f6 37. g3 Qd7 38. Qf3 Kg8 39. R1a3 Kh7 40. h5 Rab8 41. Nf5 Bxf5 42. exf5 Kg8 43. Qe4 Qf7 44. Qg4 Kf8 45. Ra1 Rd7 46. Re1 Rxd5 47. cxd5 Qxd5 48. Rxa7 Be7 49. Qe4 Rd8 50. Rea1 Qxd3 51. Qb7 1-0


[Site "https://www.chess.com"]

[Event "Titled Tuesday Blitz July 13 2021"]
[White "Boidiya, Sidi"]
[Black "Filippova, Margarita"]
[WhiteFideId "19600100"]
[BlackFideId "34199680"]
[WhiteElo "2113"]
[BlackElo "1829"]
[Result "1-0"]
[Round "08"]
[TimeControl "180+1"]
[Date "2021.07.13"]
[WhiteClock "0:01:19"]
[BlackClock "0:00:18"]

1. e4 e5 2. Bc4 Nc6 3. Nf3 Bc5 4. O-O Nf6 5. d3 O-O 6. Nc3 d6 7. h3 Be6 8. Bb3 Nd4 9. Be3 Bb6 10. Ng5 Bxb3 11. axb3 h6 12. Nf3 a6 13. Nd2 c6 14. Ne2 Nxe2+ 15. Qxe2 Bxe3 16. fxe3 d5 17. exd5 cxd5 18. Rf2 Rc8 19. c3 d4 20. exd4 exd4 21. c4 Re8 22. Qf1 Qe7 23. Nf3 Qe3 24. Re1 Qf4 25. Rfe2 Rxe2 26. Rxe2 Rf8 27. Qf2 Rd8 28. Nd2 Qxf2+ 29. Kxf2 Nd7 30. Nf3 Nc5 31. Ne1 Nxb3 32. Re7 Nc5 33. Rc7 b6 34. Rc6 Rb8 35. b4 Na4 36. Rd6 Nb2 37. Rxd4 a5 38. bxa5 bxa5 39. Rd5 a4 40. Ra5 Rb3 41. Ke2 a3 42. Nc2 Rc3 43. Nxa3 Rxd3 44. Rb5 Rxa3 45. Rxb2 Rc3 46. Rb4 Kf8 47. Kd2 Rg3 48. c5 Rxg2+ 49. Kd3 Rg3+ 50. Kd4 Rxh3 51. c6 Rh1 52. c7 Rd1+ 53. Kc5 Rc1+ 54. Rc4 Rxc4+ 55. Kxc4 Ke7 56. c8=Q f6 57. Kd5 1-0


[Site "https://www.chess.com"]